 Dungeon Crawl Stone Soup version 0.28-a0-265-g048bc9fd10 (webtiles) character file.

Game seed: 7085559820667126434

290 bande the Shield-Bearer (level 6, -6/38 HPs)
             Began as a Gargoyle Fighter on Aug 28, 2021.
             Mangled by Duvessa (11 damage)
             ... on level 4 of the Dungeon.
             The game lasted 00:06:27 (4880 turns).

bande the Shield-Bearer (Gargoyle Fighter)          Turns: 4880, Time: 00:06:28

Health: -6/38      AC: 16    Str: 21    XL:     6   Next: 32%
Magic:  6/6        EV:  5    Int:  8    God:
Gold:   157        SH:  8    Dex: 10    Spells: 5/5 levels left

rFire   . . .      SeeInvis .   a - +1 war axe
rCold   + . .      Faith    .   c - +0 kite shield
rNeg    + . .      Spirit   .   i - +0 chain mail
rPois   ∞          Reflect  .   (no helmet)
rElec   +          Harm     .   (no cloak)
rCorr   .          Rampage  .   (no gloves)
Will    .....                   b - +1 pair of boots
Stlth   ..........              (no amulet)
HPRegen 0.12/turn               f - ring of protection from cold
MPRegen 0.10/turn               (no ring)

@: mighty
A: sickness immunity, AC +4, negative energy resistance 1, electricity
resistance, torment resistance 1, petrification resistance
a: no special abilities


You were on level 4 of the Dungeon.
You visited 1 branch of the dungeon, and saw 4 of its levels.

You collected 157 gold pieces.

Inventory:

Hand Weapons
 a - a +1 war axe (weapon)
Armour
 b - a +1 pair of boots (worn)
 c - a +0 kite shield (worn)
 i - a +0 chain mail (worn)
Jewellery
 f - a ring of protection from cold (left hand)
Scrolls
 g - a scroll of teleportation {unknown}
Potions
 e - a potion of heal wounds {unknown}
 h - a potion of flight
 j - a potion of lignification {unknown}


   Skills:
 + Level 4.1 Fighting
 + Level 4.0 Axes
 + Level 4.2 Armour
 - Level 0.1 Dodging
 - Level 0.2 Stealth
 + Level 4.7 Shields


You had 5 spell levels left.
You didn't know any spells.
Your spell library was empty.

Dungeon Overview and Level Annotations

Branches:
Dungeon (4/15)
 Temple: D:4-7

Altars:
Ru

Annotations:
D:4 Duvessa


Innate Abilities, Weirdness & Mutations

You are immune to sickness and miasma.
Your stone body is resilient. (AC +4)
You are immune to poison.
You resist negative energy. (rN+)
You are resistant to electric shocks. (rElec)
You are resistant to unholy torment.
You are immune to petrification.


Message History

Dowan hits you but does no damage.
Unknown command.
You feel very mighty all of a sudden. Duvessa hits you but does no damage.
You block Dowan's attack.
You miss Dowan.
Dowan is lightly wounded.
Your shield and chain mail prevent you from hitting Duvessa.
Duvessa hits you but does no damage. Dowan hits you but does no damage.
Duvessa hits you but does no damage.
Dowan hisses, "Insulting my beauty only makes me fight harder!"
Dowan hits you but does no damage.
You barely miss Dowan.
Dowan is lightly wounded.
You slash Duvessa! Duvessa hits you but does no damage.
Dowan barely misses you.
Unknown command.
You slash Dowan!
Dowan is heavily wounded.
You closely miss Duvessa. Duvessa hits you but does no damage.
You block Dowan's attack. Duvessa hits you but does no damage.
Dowan barely misses you.
Unknown command.
You slash Dowan!
You kill Dowan!
Duvessa weeps, then rights herself and shakes her weapon.
Duvessa goes berserk!
You hit Duvessa. Duvessa hits you but does no damage.
Duvessa hits you with a +0 rapier!
* * * LOW HITPOINT WARNING * * *
Your Axes skill increases to level 4!
You slash Duvessa!
Duvessa is heavily wounded.
You block Duvessa's attack. Duvessa hits you with a +0 rapier.
* * * LOW HITPOINT WARNING * * *
You hit Duvessa.
Duvessa is severely wounded.
Duvessa hits you but does no damage. x3
You hit Duvessa.
Duvessa is severely wounded.
Duvessa hits you with a +0 rapier!
You die...

#.##..### .#
#.....#≈ ..#..
#.....# .....
#.....# ...#
#....########...#
#...............#
#.).............#
#@e.............##
#...............##
#...............##
########.##......#
#........÷......#
#......))#......#
..........#......#
..........#......#
.....#...##.......


You could see Duvessa (berserk, resistant).

Vanquished Creatures
  A centaur (D:4)
  Dowan (D:4)
  A jelly (D:4)
  Ijyb (D:4)
  An adder (D:2)
  2 worms
  A dart slug (D:1)
  3 orcs
  5 ball pythons
  7 bats
  4 endoplasms
  6 giant cockroaches
  8 goblins
  5 hobgoblins
  19 jackals
  2 quokkas
  3 frilled lizards
  6 kobolds
  7 rats
83 creatures vanquished.

Vanquished Creatures (collateral kills)
  A jackal (D:3)
  A kobold (D:3)
2 creatures vanquished.

Vanquished Creatures (others)
  22 fungi (D:4)
  A plant (D:2)
23 creatures vanquished.

Grand Total: 108 creatures vanquished

Notes
Turn   | Place    | Note
-------+----------+-------------------------------------------
     0 | D:1      | bande the Gargoyle Fighter began the quest for the Orb.
     0 | D:1      | Reached XP level 1. HP: 14/14 MP: 1/1
   355 | D:1      | Reached XP level 2. HP: 17/19 MP: 2/2
   911 | D:1      | Reached XP level 3. HP: 21/23 MP: 3/3
  1791 | D:1      | Found a faded altar of an unknown god.
  2467 | D:2      | Reached XP level 4. HP: 28/29 MP: 4/4
  3641 | D:3      | Found a sacrificial altar of Ru.
  4402 | D:4      | Reached XP level 5. HP: 13/33 MP: 5/5
  4592 | D:4      | Noticed Ijyb
  4592 | D:4      | Noticed a centaur
  4605 | D:4      | Killed a centaur
  4626 | D:4      | Killed Ijyb
  4627 | D:4      | Reached XP level 6. HP: 11/38 MP: 6/6
  4861 | D:4      | Noticed Duvessa
  4861 | D:4      | Noticed Dowan
  4877 | D:4      | Killed Dowan
  4880 | D:4      | Mangled by Duvessa

Illustrated notes

Levels and vault maps discovered:
D:1:      dpeg_chamrin_arrival_tetris, layout_basic,
          chequers_ecumenical_altar_simple_redux, grunt_decor_clamped
D:2:      layout_basic, serial_forest, infiniplex_forest_lined_corner,
          infiniplex_forest_lined_2, infiniplex_forest_lined_2,
          infiniplex_forest_straight_5, infiniplex_forest_zigzag_1,
          infiniplex_forest_clump_curved, infiniplex_forest_end_2,
          amethyst_killhole, mrwooster_statue_mirror
D:3:      layout_rooms, nicolae_ru_awakened_eye, eino_tiny_chamber,
          grunt_ministairs_15, minmay_misc_feat_square
D:4:      layout_basic, serial_aquarium, aquarium_bridge_long_separate
          [aquarium_subvault_window, aquarium_subvault_bridge,
          aquarium_subvault_bridge, aquarium_subvault_bridge,
          aquarium_subvault_balcony, aquarium_subvault_bridge],
          aquarium_bridge_straight [aquarium_subvault_bridge,
          aquarium_subvault_window, aquarium_subvault_bridge,
          aquarium_subvault_window], aquarium_window_2, aquarium_window_1,
          aquarium_window_fake, aquarium_window_1, aquarium_view_2b,
          aquarium_view_2f, uniq_duvessa, uniq_ijyb

Skill      XL: |  1  2  3  4  5  6 |
---------------+-------------------+-----
Axes           | 2 3 4 |  4.0
Shields        | 4 |  4.7
Fighting       | 4 |  4.1
Armour         | 4 |  4.2
Dodging        | |  0.1
Stealth        | |  0.2

Action                   |  1- 3 |  4- 6 || total
-------------------------+-------+-------++-------
Melee: War axe           |   132 |   146 ||   278
  Use: Scroll            |     2 |     3 ||     5
       Potion            |       |     1 ||     1
Armor: Scale mail        |    98 |    61 ||   159
       Chain mail        |       |    81 ||    81
Dodge: Dodged            |    63 |    43 ||   106
Block: Kite shield       |    70 |    98 ||   168

Table legend: (Time is in decaauts)
 A = Elapsed time spent in this place.
 B = Non-inter-level travel time spent in this place.
 C = Inter-level travel time spent in this place.
 D = Time resting spent in this place.
 E = Time spent auto-exploring this place.
 F = Levels seen in this place.
 G = Mean time per level.
                   A        B        C        D        E       F      G
               +--------+--------+--------+--------+--------+-----+--------+
         Total |   5046 |   4869 |    177 |    786 |   3211 |   4 | 1261.5 |
       Dungeon |   5046 |   4869 |    177 |    786 |   3211 |   4 | 1261.5 |
               +--------+--------+--------+--------+--------+-----+--------+

Top non-repeatable levels by time:
     D:1: 2131 daAuts
     D:2: 1379 daAuts
     D:3: 876 daAuts
     D:4: 659 daAuts
